Map: Gresvan LE

Players

Franco

  • Race: Protoss Protoss
  • League: Gold
  • Spawn Location: 11:00

Kaiser - Winner!

  • Race: Protoss Protoss
  • League: Gold
  • Spawn Location: 5:00

VOD

Have the link to the VOD?

Description

Time

  • Played on: March 11, 2023, 1:37 p.m.
  • Length: 11:54
Show
View Real Time Build Order
Export as new Build Order

Franco Protoss 

Build Orders:  

Get SALT Encoding   

  12  0:15  Pylon  
  12  0:32  Pylon  
  12  0:36  Probe (Chrono Boost)  
  13  0:46  Probe (Chrono Boost)  
  14  0:51  Probe (Chrono Boost)  
  14  0:55  Gateway  
  15  1:02  Probe (Chrono Boost)  
  17  1:12  Probe (Chrono Boost)  
  17  1:17  Probe (Chrono Boost)  
  17  1:25  Assimilator  
  18  1:28  Pylon  
  18  1:36  Forge  
  18  1:52  Cybernetics Core  
  18  1:55  Probe  
  19  2:08  Probe  
  20  2:12  Gateway  
  20  2:20  Probe  
  20  2:21  Pylon  
  21  2:30  Warp Gate, Pylon  
  21  2:32  Probe (Chrono Boost)  
  22  2:38  Assimilator  
  22  2:41  Stalker  
  22  2:43  Probe (Chrono Boost)  
  25  2:48  Probe (Chrono Boost)  
  26  2:55  Gateway  
  26  3:00  Stalker  
  28  3:15  Stalker  
  30  3:30  Stalker  
  32  3:37  Gateway  
  32  3:51  Nexus  
  32  4:07  Pylon  
  32  4:10  Pylon  
  32  4:19  Probe (Chrono Boost)  
  33  4:24  Protoss Shields Level 1  
  33  4:29  Probe (Chrono Boost)  
  34  4:34  Probe (Chrono Boost)  
  34  4:37  Pylon  
  35  4:46  Probe  
  36  4:53  Stalker  
  36  4:54  Stalker  
  36  4:55  Stalker  
  36  4:56  Stalker  
  45  5:00  Probe (Chrono Boost)  
  45  5:05  Probe (Chrono Boost)  
  47  5:14  Probe (Chrono Boost)  
  47  5:19  Assimilator, Probe (Chrono Boost)  
  47  5:21  Assimilator  
  48  5:31  Robotics Facility  
  48  5:35  Robotics Facility  
  48  5:44  Adept  
  48  5:45  Adept x2  
  48  5:46  Adept  
  56  6:07  Probe (Chrono Boost)  
  56  6:09  Shield Battery  
  57  6:17  Probe (Chrono Boost)  
  58  6:22  Probe (Chrono Boost), Robotics Bay  
  59  6:30  Observer  
  59  6:32  Observer  
  61  6:34  Probe  
  62  6:46  Probe  
  63  6:51  Immortal  
  63  6:54  Immortal  
  71  7:00  Twilight Council  
  71  7:22  Probe (Chrono Boost)  
  72  7:31  Probe (Chrono Boost)  
  72  7:36  Probe (Chrono Boost)  
  74  7:48  Probe  
  75  7:59  Sentry  
  75  8:00  Probe, Sentry  
  75  8:01  Stalker x2  
  62  9:01  Stalker  
  62  9:02  Stalker x2  
  66  9:03  Stalker, Colossus x2 (Chrono Boost)  
  82  9:18  Shield Battery  
  82  9:33  Nexus  
  82  9:41  Probe (Chrono Boost)  
  83  9:50  Immortal x2  
  83  9:51  Probe (Chrono Boost)  
  92  9:54  Dark Shrine  
  92  9:56  Probe (Chrono Boost)  
  76  10:43  Stalker x3  
  76  10:44  Stalker  
  83  10:55  Colossus  
  89  11:01  Pylon  
  89  11:04  Pylon  
  89  11:07  Pylon  
  89  11:10  Pylon  
  89  11:11  Pylon  
  89  11:24  Dark Templar x3  
  89  11:25  Dark Templar  
Show
View Real Time Build Order
Export as new Build Order

Kaiser Protoss - Winner!

Build Orders: Archon Immortal 

Get SALT Encoding   

  12  0:00  Probe  
  13  0:12  Probe  
  14  0:19  Pylon  
  14  0:24  Probe  
  15  0:39  Probe  
  15  0:41  Gateway  
  16  0:44  Assimilator  
  16  0:51  Probe  
  17  1:01  Gateway  
  17  1:06  Assimilator, Probe  
  18  1:18  Probe  
  19  1:33  Probe, Cybernetics Core  
  20  1:45  Probe  
  21  1:49  Pylon  
  21  1:57  Probe  
  21  2:00  Pylon  
  22  2:06  Stalker  
  22  2:07  Warp Gate (Chrono Boost)  
  22  2:09  Probe, Stalker  
  27  2:22  Probe  
  28  2:34  Stalker  
  28  2:40  Robotics Facility  
  28  2:41  Stalker  
  32  2:50  Probe  
  33  3:04  Stalker (Chrono Boost)  
  37  3:19  Stalker (Chrono Boost)  
  37  3:24  Probe, Pylon  
  38  3:28  Observer  
  40  3:48  Probe  
  40  3:50  Immortal  
  44  4:03  Probe  
  44  4:05  Nexus  
  45  4:15  Probe  
  45  4:16  Pylon  
  46  4:34  Pylon, Immortal (Chrono Boost)  
  46  4:36  Pylon  
  50  4:45  Pylon  
  50  4:48  Probe  
  50  4:51  Stalker  
  53  5:00  Probe  
  54  5:08  Forge  
  54  5:10  Immortal (Chrono Boost)  
  58  5:17  Probe  
  58  5:18  Probe  
  60  5:43  Stalker x2  
  60  5:48  Immortal  
  66  6:02  Shield Battery  
  66  6:13  Gateway x2  
  66  6:15  Gateway  
  66  6:21  Stalker  
  66  6:24  Probe x2  
  70  6:25  Twilight Council  
  70  6:36  Probe (Chrono Boost)  
  72  6:40  Protoss Ground Weapons Level 1 (Chrono Boost)  
  72  6:42  Probe (Chrono Boost)  
  72  6:49  Immortal  
  72  6:50  Probe (Chrono Boost)  
  77  6:55  Probe  
  77  6:57  Assimilator  
  77  6:59  Assimilator  
  77  7:00  Charge (Chrono Boost)  
  78  7:07  Probe  
  80  7:08  Probe  
  80  7:10  Pylon  
  80  7:19  Probe, Pylon  
  80  7:20  Probe  
  82  7:33  Templar Archives  
  82  7:46  Stalker x2  
  82  7:47  Zealot  
  82  7:48  Zealot  
  90  7:52  Nexus  
  90  7:59  Pylon  
  90  8:11  High Templar x2  
  94  8:15  Archon  
  94  8:20  Probe  
  94  8:21  Probe  
  96  8:32  Immortal  
  96  8:34  Zealot x2  
  90  8:54  Zealot x4  
  96  9:03  Gateway  
  96  9:06  Gateway, Probe  
  96  9:07  Probe x2  
  96  9:09  Gateway  
  99  9:10  Gateway  
  99  9:12  Gateway  
  99  9:14  High Templar x3  
  99  9:15  High Templar  
  107  9:18  Archon  
  107  9:19  Archon  
  107  9:22  Protoss Ground Weapons Level 2 (Chrono Boost)  
  107  9:38  Forge  
  107  9:40  Zealot  
  107  9:44  Immortal  
  113  9:47  High Templar  
  113  9:48  High Templar  
  113  9:52  Archon  
  117  9:53  Probe x3  
  120  10:01  Zealot x2  
  120  10:05  Probe  
  125  10:12  Pylon  
  125  10:14  Pylon  
  125  10:15  Pylon  
  125  10:21  Probe x2  
  125  10:23  Probe  
  114  10:33  Probe  
  111  10:41  Zealot x3  
  111  10:42  Zealot x6  
  125  10:43  Zealot  
  131  10:54  Immortal  
  135  11:13  Probe x2  
  135  11:14  Probe  
  135  11:15  Nexus, Assimilator  
  138  11:20  Assimilator  
  132  11:25  Probe  
  132  11:26  Probe x2  
Tags
 
Composition
Archon Immortal
League
GoldGold
Matchup
PvP
Spawn Locations
Cross Positions
Add a new tag
Caveats
  • Supply blocks, unpowered buildings, or Contaminate may cause inaccurate times.
  • Supply counts are checked every 10 seconds.